 Dungeon Crawl Stone Soup version 0.30-a0-743-gbfdf073431 (webtiles) character file.

Game seed: 11453175890389174593

42 Rrauwl the Chopper (level 3, -1/30 HPs)
             Began as a Minotaur Warper on Feb 6, 2023.
             Slain by Terence
             ... wielding a +2 short sword of venom
              (4 damage)
             ... on level 2 of the Dungeon.
             The game lasted 00:03:10 (699 turns).

Rrauwl the Chopper (Minotaur Warper)                 Turns: 699, Time: 00:03:10

Health: -1/30      AC:  9    Str: 15    XL:     3   Next: 35%
Magic:  4/4        EV: 12    Int: 12    God:
Gold:   11         SH:  0    Dex:  9    Spells: 5/5 levels left

rFire   . . .      SeeInvis .    a - +0 hand axe
rCold   . . .      Faith    .    (no shield)
rNeg    . . .      Spirit   .    h - +0 steam dragon scales
rPois   .          Reflect  .    (helmet restricted)
rElec   .          Harm     .    (no cloak)
rCorr   .          Rampage  .    (no gloves)
Will    .....                    (no boots)
Stlth   +                        (no amulet)
HPRegen 0.25/turn                g - +4 ring of protection
MPRegen 0.09/turn                (no ring)

@: mighty, brilliant, lethally poisoned (-1 -> -22), attractive, flying, hasted,
very quick
A: horns 2, retaliatory headbutt
a: no special abilities


You were on level 2 of the Dungeon.
You visited 1 branch of the dungeon, and saw 2 of its levels.

You collected 81 gold pieces.
You spent 70 gold pieces at shops.

Inventory:

Hand Weapons
 a - a +0 hand axe (weapon)
Missiles
 d - 7 boomerangs of dispersal (quivered)
Armour
 h - +0 steam dragon scales (worn)
Jewellery
 g - a +4 ring of protection (left hand)
Scrolls
 c - a scroll of blinking
 e - 2 scrolls of identify
 f - 2 scrolls of magic mapping {unknown}
 m - a scroll of teleportation
 n - a scroll of amnesia {unknown}
Potions
 b - a potion of flight


   Skills:
 + Level 2.9 Fighting
 + Level 3.0 Axes
 - Level 1.0 Throwing
 - Level 2.0 Armour
 + Level 2.5 Dodging
 + Level 1.7 Spellcasting
 + Level 2.3 Translocations


You had 5 spell levels left.
You didn't know any spells.
Your spell library contained the following spells:

 Spells                   Type           Power      Damage    Failure   Level
 Blink                    Tloc           20%        N/A       16%         2
 Lesser Beckoning         Tloc           20%        N/A       16%         2
 Teleport Other           Tloc           10%        N/A       32%         3
 Vhi's Electric Charge    Tloc/Air       10%        N/A       45%         3
 Frozen Ramparts          Ice            2%         1d1       63%         3
 Manifold Assault         Tloc           10%        N/A       71%         4
 Ice Form                 Ice/Tmut       1%         N/A       95%         4
 Summon Ice Beast         Ice/Summ       1%         N/A       95%         4


Dungeon Overview and Level Annotations

Branches:
Dungeon (2/15)

Altars:

Shops:
D:1 ?

Annotations:
D:2 Terence


Innate Abilities, Weirdness & Mutations

You have a pair of horns on your head.
You reflexively headbutt those who attack you in melee.


Message History

You hit the hobgoblin.
You kill the hobgoblin!
Your Axes skill increases to level 3!
No target in view!
HP restored.
There is a stone staircase leading up here.
n - a scroll labelled LOBBYASEFRU
Found a stone staircase leading down.
No target in view!
Terence the Incautious comes into view.
He is wielding a +2 short sword of venom.
Terence shouts!
Terence barely misses you.
You barely miss Terence. Terence barely misses you.
Terence hits you but does no damage.
You are poisoned.
It was a potion of flight.
You feel very buoyant.
You fly up into the air.
You feel sick.
Terence hits you with a +2 short sword of venom.
You are more poisoned.
It was a potion of attraction.
You feel attractive to monsters.
You feel very sick.
Terence hits you with a +2 short sword of venom.
You are lethally poisoned!
It was a potion of haste.
You feel yourself speed up.
You feel very sick.
Terence hits you with a +2 short sword of venom.
* * * LOW HITPOINT WARNING * * *
You are more poisoned.
It was a potion of brilliance.
You feel clever all of a sudden.
* * * LOW HITPOINT WARNING * * *
You feel very sick.
It was a potion of might.
You feel very mighty all of a sudden.
* * * LOW HITPOINT WARNING * * *
You feel very sick.
Terence hits you with a +2 short sword of venom.
You die...

##. ..> .... #
# ..... .# .#
...# .##.# ..#
##... #.###..##
###.#..#.#####
#.@..........#
#@##...#<#...#
#. #..#.#....#
#.
#..##..........
#.
#..##.##..##(##
#. #.....# ..#
#. ##.... ..#
#. ##.#. ...
#.## ##.#


You could see Terence.

Vanquished Creatures
  2 dart slugs (D:1)
  4 bats (D:1)
  An endoplasm (D:1)
  5 goblins (D:1)
  3 hobgoblins
  6 jackals (D:1)
  3 quokkas (D:1)
  2 ball pythons (D:1)
  2 frilled lizards (D:1)
  2 kobolds (D:1)
  A rat (D:1)
31 creatures vanquished.

Notes
Turn   | Place    | Note
-------+----------+-------------------------------------------
     0 | D:1      | Rrauwl the Minotaur Warper began the quest for the Orb.
     0 | D:1      | Reached XP level 1. HP: 18/18 MP: 1/1
    67 | D:1      | Reached XP level 2. HP: 19/25 MP: 1/3
   196 | D:1      | Found Xiupnoyss's Magic Scroll Shop.
   226 | D:1      | Bought a scroll of identify for 28 gold pieces
   364 | D:1      | Reached XP level 3. HP: 20/30 MP: 4/4
   646 | D:1      | Bought a scroll of teleportation for 42 gold pieces
   677 | D:2      | Reached skill level 3 in Axes
   692 | D:2      | Noticed Terence
   699 | D:2      | Slain by Terence

Illustrated notes

Levels and vault maps discovered:
D:1:      dpeg_arrival_pits, layout_rooms, serial_shops, nicolae_square_shop
D:2:      layout_loops_ring, serial_shops, nicolae_shop_waterfront,
          shapermc_ecumenical_altar_notcrosses, uniq_jessica, uniq_natasha,
          uniq_terence, uniq_sigmund

Skill      XL: |  1  2  3 |
---------------+----------+-----
Armour         | 2 |  2.0
Axes           | 3 |  3.0
Fighting       | |  2.9
Throwing       | |  1.0
Dodging        | |  2.5
Spellcasting   | |  1.7
Translocations | |  2.3

Action                     || total
---------------------------++-------
  Melee: Hand axe          ||    77
         Headbutt          ||     9
    Use: Potion            ||     5
 Armour: Leather armour    ||    13
         Steam dragon scal ||    21
  Dodge: Dodged            ||    54

Table legend: (Time is in decaauts)
 A = Elapsed time spent in this place.
 B = Non-inter-level travel time spent in this place.
 C = Inter-level travel time spent in this place.
 D = Time resting spent in this place.
 E = Time spent auto-exploring this place.
 F = Levels seen in this place.
 G = Mean time per level.
                   A        B        C        D        E       F      G
               +--------+--------+--------+--------+--------+-----+--------+
         Total |    711 |    668 |     43 |      0 |    475 |   2 |  355.5 |
       Dungeon |    711 |    668 |     43 |      0 |    475 |   2 |  355.5 |
               +--------+--------+--------+--------+--------+-----+--------+

Top non-repeatable levels by time:
     D:1: 680 daAuts
     D:2: 30 daAuts
